Unix NetHack Version 5.0.0-0 post-release - last build May 10 2026 23:12:36 (d1fa5d53e341ca933230fdaa984d921c805b60aa,branch:main).

Game began 2026-05-15 21:21:30, ended 2026-05-15 21:46:21.

DaveT, lawful male human Priest

         ----       ---
         |..|     ---.---                              ----
        --..-- ----.....-----                ------   --..---
       --....---.....%...--..               --..|.-----....|.---
      --.....)...............               |..................| ---
      |.*---.)......--.......         ---   --..........--.....---.--
      |..| |)>..)..--|..--.).       ---.--  --..........-|............
   ---|..-----.....| ------.|    ----....|  |....---.....---.---..@...
  --.---..------.).| ------.|   --.|....--- |....| |..............  ..
  |...|--...-- -------..<...|----.........| --.--- --...---------....
  |...| |....----  |..)-..----............|  |.|    |..--        ...
  |...----..)...|---....^.................|  |.|    ----        ...
  ---..| ----...|....----.-----...--...--.----.|
    --.| ------.....).--|..-- -------.--|......|
     |.| |.............|--..|       --- ---....|
     |.| |.------.*....| ----             ------
     |.|--.|---.......--
     |.--..|-..)|....-|
     |....--..-----...|
     |.......--   |..--
     ---------    ----
DaveT the Adept              St:12 Dx:11 Co:18 In:9 Wi:18 Ch:10  Lawful
Dlvl:5  $:23 HP:0(71) Pw:91(91) AC:4  Xp:7 T:3161  Burdened Blind Deaf

Latest messages:
 You kill the gnome!
 There is a gnome corpse here; eat it? [ynq] (n) y
 This gnome corpse is fatty.
 You finish eating the gnome corpse.
 The gnome throws a dagger!
 You are hit by a dagger.
 The gnome wields 4 blessed daggers!
 The gnome thrusts one of his daggers.
 The gnome hits!
 You kill the gnome!
 There are several objects here.
 You see here a blessed dagger.
 You see here an arrow.
 You see here a candle.
 You have a little trouble lifting k - a candle.
 You are momentarily blinded by a flash of light!
 You hear a deafening roar!
 It misses!
 You hit it.
 It misses!
 It bites!
 It explodes!
 You seem unaffected by it.
 It hits!
 You hit it.
 It bites!
 It misses!
 You kill it!
 It bites!
 It bites!
 It bites!
 You hit it.
 It misses!
 It bites!
 You hit it.
 It bites!
 It bites!
 You kill it!
 You hit it.
 It bites!
 It bites!
 You miss it.
 It bites!
 Are you sure you want to pray? [yn] (n) y
 You begin praying to Ptah.
 It bites!
 It bites!
 You die...
 Do you want your possessions identified? [ynq] (y) y
 Do you want to see your attributes? [ynq] (y) q

Inventory:
 Coins    ('$')
  $ - 23 gold pieces
 Amulets  ('"')
  s - an amulet of magical breathing (being worn)
 Weapons  (')')
  L - 11 +0 darts
  x - 9 +0 shuriken
  K - 6 +0 daggers
  J - a +0 aklys
  a - a blessed +1 mace (weapon in right hand)
 Armor    ('[')
  g - a +0 orcish helm (being worn)
  c - a +0 small shield (being worn)
  b - a +0 robe (being worn)
  l - a blessed +0 leather armor (being worn)
 Comestibles  ('%')
  e - a clove of garlic
  z - 2 food rations
  h - a pancake
  f - a sprig of wolfsbane
 Scrolls  ('?')
  d - a scroll of enchant weapon
 Potions  ('!')
  Y - a potion of water
 Rings    ('=')
  C - a +1 ring of gain strength
 Wands    ('/')
  u - a wand of digging (0:4)
  i - a wand of fire (0:3)
  j - a wand of slow monster (0:3)
 Tools    ('(')
  W - a sack containing 15 items
  V - a blindfold
  X - a lock pick
  N - an oil lamp (lit)
  M - a +0 pick-axe
  P - a stethoscope
  k - a tallow candle

Contents of the sack:
  560 gold pieces
  a scroll of destroy armor
  3 blessed scrolls of identify
  a scroll of identify
  a scroll of remove curse
  a spellbook of protection
  a spellbook of restore ability
  a potion of booze
  3 cursed potions of healing
  a potion of invisibility
  a cursed potion of object detection
  a potion of sickness
  3 potions of holy water
  an agate stone
  a worthless piece of yellow glass

DaveT the Priest's attributes:

Background:
 You were an Adept, a level 7 human Priest.
 You were lawful, on a mission for Ptah
 who was opposed by Thoth (neutral) and Anhur (chaotic).
 You were right-handed.
 You were in the Gnomish Mines, on level 5.
 You entered the dungeon 3161 turns ago.
 You had 755 experience points, 525 more were needed to attain level 8.

Basics:
 You had 0 out of 71 hit points.
 You had all 91 energy points (spell power).
 Your armor class was 4.
 Your wallet contained 23 zorkmids, and
 you had 560 more stashed away in your pack.
 Autopickup was off.

Final Characteristics:
 Your strength was 12 (limit:18/100).
 Your dexterity was 11 (limit:18).
 Your constitution was 18 (limit:18).
 Your intelligence was 9 (limit:18).
 Your wisdom was 18 (limit:18).
 Your charisma was 10 (limit:18).

Final Status:
 You were temporarily blind.
 You were deaf.
 You weren't hungry.
 You were burdened; movement was slightly slowed.
 You were wielding a mace.
 You were skilled in mace.

Final Attributes:
 You were piously aligned.
 You could survive without air.
 You were guarded.
 Your spell casting was enhanced by wearing a robe.
 You were fast.
 You are dead.

Miscellaneous:
 You didn't encounter any bones levels.
 Total elapsed playing time was 24 minutes and 50 seconds.

Major events:
 Turn
    1: DaveT the lawful human Priest entered the dungeon
  774: attained the rank of Acolyte (level 3)
 1161: entered the Gnomish Mines
 1444: reached Mine Town
 1732: attained the rank of Adept (level 6)
 3161: killed by a giant beetle, while praying

Spells:
 Name                 Level Category     Fail Retention
 light                  1   clerical       0%   81%-90%
 cure blindness         2   healing       27%  76%-100%
 protection             1   clerical       0%   81%-90%
 restore ability        4   healing       97%  76%-100%

Skills:
 Fighting Skills
   bare handed combat [Unskilled]
 Weapon Skills
   club               [Unskilled]
   mace               [Skilled]
   morning star       [Unskilled]
   flail              [Unskilled]
   hammer             [Unskilled]
   quarterstaff       [Unskilled]
   polearms           [Unskilled]
   spear              [Unskilled]
   trident            [Unskilled]
   lance              [Unskilled]
   bow                [Unskilled]
   sling              [Unskilled]
   crossbow           [Unskilled]
   dart               [Unskilled]
   shuriken           [Unskilled]
   boomerang          [Unskilled]
   unicorn horn       [Unskilled]
 Spellcasting Skills
   healing spells     [Unskilled]
   divination spells  [Unskilled]
   clerical spells    [Basic]

Voluntary challenges:
 Character rerolling was not enabled.
 You never genocided any monsters.
 You never polymorphed an object.
 You never changed form.
 You used no wishes.
Achievements:
 You entered a shop.
 You attained the rank of Acolyte.
 You entered the Gnomish Mines.
 You entered Minetown.
 You attained the rank of Adept.
 You entered a temple.

 The Dungeons of Doom: levels 1 to 5
    Level 1:
       Many fountains.
    Level 2:
       Some fountains.
    Level 3: "vault"
       A general store, a grave.
    Level 4:
       A scroll shop, an altar, a fountain.
       Stairs down to The Gnomish Mines.
    Level 5:
 The Gnomish Mines: levels 5 to 8
    Level 5: <- You were here.
       Final resting place for
          you, killed by a giant beetle, while praying.
    Level 6:
    Level 7:
       Many shops, a temple and an altar, many fountains.
    Level 8:


Vanquished creatures:
  a giant beetle
  a wolf
  a gnome ruler
  a lizard
  a jaguar
  a snake
  2 human zombies
 an imp
  a mountain nymph
  a pony
  a yellow light
  7 gnome leaders
  2 gnomish wizards
 an elf zombie
  3 giant ants
  a little dog
  2 dwarves
  a monkey
 an iguana
  a coyote
  a hobgoblin
  a yellow mold
  a green mold
 26 gnomes
  3 geckos
  a jackal
  a kobold
  2 goblins
  4 sewer rats
  7 lichens
  6 newts
84 creatures vanquished.

No species were genocided or became extinct.

Game over:
                       ----------
                      /          \
                     /    REST    \
                    /      IN      \
                   /     PEACE      \
                  /                  \
                  |      DaveT       |
                  |      583 Au      |
                  |   killed by a    |
                  |   giant beetle   |
                  |                  |
                  |                  |
                  |       2026       |
                 *|     *  *  *      | *
        _________)/\\_//(\/(/\)/\//\/|_)_______

Goodbye DaveT the Priest...

You died in The Gnomish Mines on dungeon level 5 with 3633 points,
and 583 pieces of gold, after 3161 moves.
You were level 7 with a maximum of 71 hit points when you died.

